 Dungeon Crawl Stone Soup version 0.18-a0-1120-g03bd624 (webtiles) character file.

3262 gorblad the Slicer (level 10, -4/64 HPs)
             Began as a Kobold Berserker on Jan 17, 2016.
             Was an Elder of Trog.
             Slain by an iguana (9 damage)
             ... on level 9 of the Dungeon.
             The game lasted 00:16:51 (7027 turns).

gorblad the Slicer (Kobold Berserker)               Turns: 7027, Time: 00:16:51

Health: -4/64      AC: 19    Str: 19    XL:     10   Next: 19%
Magic:  10/10      EV: 12    Int:  5    God:    Trog [****..]
Gold:   163        SH:  0    Dex: 16    Spells: 0 memorised, 9 levels left

rFire  . . .     SeeInvis .     F - +2 rapier (elec)
rCold  . . .     Gourm    .     i - +2 plate armour
rNeg   . . .     Faith    .     (shield restricted)
rPois  .         Spirit   .     j - +0 helmet
rElec  .         Dismiss  .     (no cloak)
rCorr  .         Reflect  .     h - +0 pair of gloves
SustAt .         Harm     .     E - +0 pair of boots
MR     .....                    (no amulet)
Stlth  ..........               v - +2 ring of evasion
                                x - +1 ring of protection

@: hasted, very quick, not resistant to hostile enchantments, extremely
unstealthy
A: carnivore 3
a: Berserk, Trog's Hand, Brothers in Arms, Burn Spellbooks, Renounce Religion


You were on level 9 of the Dungeon.
You worshipped Trog.
Trog was greatly pleased with you.
You were completely stuffed.

You visited 1 branch of the dungeon, and saw 9 of its levels.
You also visited: Ossuary.

You collected 448 gold pieces.
You spent 285 gold pieces at shops.

Inventory:

Hand Weapons
 a - a +1 short sword
 t - a +0 rapier of draining
 F - a +2 rapier of electrocution (weapon)
Armour
 h - a +0 pair of gloves (worn)
 i - a +2 plate armour (worn)
 j - a +0 helmet (worn)
 E - a +0 pair of boots (worn)
Jewellery
 b - an uncursed ring of ice
 q - an uncursed ring of magical power
 r - an uncursed amulet of dismissal
 v - a +2 ring of evasion (right hand)
 x - a +1 ring of protection (left hand)
Wands
 y - a wand of paralysis (7/24)
 D - a wand of magic darts (28/48)
Scrolls
 d - 4 scrolls of remove curse
 p - 4 scrolls of teleportation
 z - 2 scrolls of enchant weapon
 B - 3 scrolls of identify
Potions
 e - a potion of curing {unknown}
 f - 4 potions of might
 g - a potion of resistance {unknown}
 k - 3 potions of haste
 l - a potion of agility
 m - 3 potions of flight
 n - 4 potions of heal wounds {unknown}
 u - a potion of berserk rage
 w - a potion of poison {unknown}
 A - a potion of cancellation {unknown}
 C - a potion of brilliance {unknown}
Comestibles
 c - 3 meat rations
 o - 3 beef jerkies
 s - 2 royal jellies
 G - 3 chunks of flesh


   Skills:
 + Level 8.3 Fighting
 + Level 11.0 Short Blades
 + Level 6.7 Armour
 + Level 5.0 Dodging
 + Level 1.9 Stealth


You had 9 spell levels left.
You didn't know any spells.

Dungeon Overview and Level Annotations

Branches:
Dungeon (9/15)             Temple (0/1) D:5
   Lair: D:8-11         Orc: D:9-12

Altars:
Gozag
Okawaru

Shops:
D:4 *   D:6 [


Innate Abilities, Weirdness & Mutations

You are small and have problems with some larger weapons.
You are carnivorous and can eat meat at any time.


Message History

Drink which item? (? for menu, Esc to quit)
Okay, then.
The orc wizard gestures wildly while chanting.
The orc wizard flickers and vanishes!
The iguana closely misses you.
The orc priest mumbles some strange prayers to Beogh against you.
Something smites you!
* * * LOW HITPOINT WARNING * * *
The orc priest invokes the aid of Beogh against you.
Something smites you!
* * * LOW HITPOINT WARNING * * *
The iguana barely misses you.
Found a blackened glass wand.
There is a stone staircase leading up here.
Drink which item? (? for menu, Esc to quit)
It was a potion of haste.
You feel yourself speed up. The orc hits you but does no damage.
The iguana bites you but does no damage.
The iguana hisses menacingly.
The iguana bites you!
You die...

#. #.# #.#
#######.##########.
.........ll........
..........o@.......
..........ll.......
.........o.t.......
......†.........../
......†o...........
...................
...................
...............####
...............#


You could see a crocodile, 4 iguanas, an orc priest and 2 orcs.

Vanquished Creatures
  A two-headed ogre (D:8)
  Sigmund (D:2)
  A spriggan (D:7)
  A yak (D:9)
  A hippogriff (D:7)
  A steam dragon (D:9)
  Menkaure (D:4)
  3 sky beasts
  An orc warrior (D:7)
  An ice beast (D:8)
  3 ogres
  2 centaurs
  An elf zombie (Ossuary)
  2 giant frogs
  A scorpion (D:7)
  4 wights (D:7)
  A crimson imp (D:6)
  A giant frog zombie (D:7)
  2 jellies (D:6)
  An orc priest (D:6)
  6 hounds
  A giant frog skeleton (D:6)
  A human zombie (Ossuary)
  Jessica (D:3)
  2 iguanas (D:4)
  4 orc wizards
  3 worker ants
  A big kobold zombie (Ossuary)
  A hound zombie (D:7)
  2 mummies (Ossuary)
  A gnoll (D:7)
  5 adders
  3 shadow imps
  An ooze (D:5)
  An adder skeleton (D:4)
  2 adder zombies
  2 worms (D:3)
  4 giant geckos
  36 orcs
  3 ball pythons
  6 giant cockroaches
  10 goblins
  8 hobgoblins
  15 jackals
  A ball python zombie (D:4)
  9 bats
  A giant gecko skeleton (D:4)
  5 giant newts
  2 goblin zombies (Ossuary)
  6 hobgoblin zombies (Ossuary)
  A jackal skeleton (D:5)
  2 jackal zombies (Ossuary)
  8 kobolds
  12 kobold zombies (Ossuary)
  9 orc zombies (Ossuary)
  A quokka skeleton (D:4)
  A quokka zombie (D:5)
  11 rats
  2 rat zombies (Ossuary)
220 creatures vanquished.

Notes
Turn   | Place    | Note
--------------------------------------------------------------
     0 | D:1      | gorblad the Kobold Berserker began the quest for the Orb.
     0 | D:1      | Reached XP level 1. HP: 14/14 MP: 1/1
   143 | D:1      | Reached XP level 2. HP: 10/19 MP: 2/2
   879 | D:1      | Reached XP level 3. HP: 24/24 MP: 3/3
   901 | D:1      | Reached ** piety under Trog
  1223 | D:2      | Noticed Sigmund
  1243 | D:2      | Killed Sigmund
  1243 | D:2      | Reached skill level 5 in Short Blades
  1243 | D:2      | Reached XP level 4. HP: 30/30 MP: 4/4
  1243 | D:2      | Reached XP level 5. HP: 34/34 MP: 5/5
  1243 | D:2      | Reached XP level 6. HP: 38/39 MP: 6/6
  1959 | D:3      | Noticed a sky beast
  1991 | D:3      | Killed a sky beast
  1991 | D:3      | Reached skill level 5 in Fighting
  2309 | D:3      | Reached *** piety under Trog
  2358 | D:3      | Noticed Jessica
  2360 | D:3      | Reached XP level 7. HP: 44/44 MP: 7/7
  2362 | D:3      | Killed Jessica
  2698 | D:4      | Reached skill level 6 in Short Blades
  2780 | D:4      | Reached skill level 1 in Stealth
  2810 | D:4      | Noticed Menkaure
  2821 | D:4      | Killed Menkaure
  3170 | D:4      | Found Qoacyt's General Store.
  3189 | D:4      | Bought a +0 rapier of draining for 101 gold pieces
  3189 | D:4      | Bought a scroll of identify for 22 gold pieces
  3450 | D:5      | Entered Level 5 of the Dungeon
  3458 | D:5      | Reached XP level 8. HP: 48/51 MP: 8/8
  3707 | D:5      | Reached skill level 7 in Short Blades
  3767 | D:5      | Reached **** piety under Trog
  3976 | D:5      | Found a staircase to the Ecumenical Temple.
  4228 | D:6      | Found Nyreuw's Antique Armour Shoppe.
  4233 | D:6      | Bought a pair of gloves for 81 gold pieces
  4404 | D:6      | Received a gift from Trog
  4468 | D:6      | Found a sand-covered staircase.
  4498 | D:6      | Reached skill level 5 in Armour
  4513 | Ossuary  | Entered an ossuary
  4875 | Ossuary  | Reached skill level 8 in Short Blades
  4941 | Ossuary  | Reached XP level 9. HP: 44/56 MP: 9/9
  5481 | D:6      | Bought a pair of boots for 81 gold pieces
  5530 | D:7      | Reached skill level 9 in Short Blades
  5891 | D:7      | Found an opulent altar of Gozag.
  6037 | D:7      | Found an iron altar of Okawaru.
  6757 | D:8      | Reached skill level 10 in Short Blades
  6802 | D:8      | Found an opulent altar of Gozag.
  6806 | D:8      | Noticed a two-headed ogre
  6810 | D:8      | Killed a two-headed ogre
  6810 | D:8      | Reached XP level 10. HP: 64/64 MP: 10/10
  7001 | D:8      | You fall through a shaft!
  7012 | D:9      | Reached skill level 5 in Dodging
  7022 | D:9      | Reached skill level 11 in Short Blades
  7027 | D:9      | Slain by an iguana

Vault maps used:
D:1:      sevenhm_arrival_forest_fort_small_4
D:2:      first_bread, minivault_11, hangedman_feature_mirror, uniq_sigmund
D:3:      uniq_jessica
D:4:      serial_shops, nicolae_shop_statue_plus, kennysheep_cross_room,
          minmay_fountain_box, uniq_menkaure
D:5:      minmay_temple_entry_fiery, lightli_corner_chamber
D:6:      serial_shops, shop, enter_ossuary_1
D:7:      okawaru_altar_gauntlet_db, basic_altar, the_bakery
D:8:      basic_altar
D:9:      nicolae_overflow_crystal_walls, dpeg_lair_monsters
Ossuary:  ossuary_tomb_1

Action                   |  1- 3 |  4- 6 |  7- 9 | 10-12 || total
-------------------------+-------+-------+-------+-------++-------
Melee: Short sword       |   104 |   177 |    98 |       ||   379
       Rapier            |       |       |   612 |    46 ||   658
Invok: Berserk           |     1 |     1 |     3 |       ||     5
       Trog's Hand       |     1 |       |     2 |       ||     3
       Burn Spellbooks   |       |       |     1 |       ||     1
  Use: Scroll            |     4 |     3 |    13 |       ||    20
       Potion            |       |       |     1 |     1 ||     2
  Eat: Chunk             |     9 |     5 |    18 |     3 ||    35
